 Dungeon Crawl Stone Soup version 0.30-a0-4-ga7cffc901d (webtiles) character file.

Game seed: 15536646195767894470

87 Setbun the Cutter (level 4, -4/26 HPs)
             Began as a Kobold Brigand on Aug 21, 2022.
             Slain by a scorpion (5 damage)
             ... on level 4 of the Dungeon.
             The game lasted 00:01:36 (2840 turns).

Setbun the Cutter (Kobold Brigand)                  Turns: 2840, Time: 00:01:37

Health: -4/26      AC:  3    Str:  8    XL:     4   Next: 80%
Magic:  4/4        EV: 14    Int: 12    God:
Gold:   115        SH:  0    Dex: 18    Spells: 3/3 levels left

rFire   . . .      SeeInvis .    a - +2 dagger
rCold   . . .      Faith    .    (no shield)
rNeg    . . .      Spirit   .    b - +0 robe
rPois   .          Reflect  .    (no helmet)
rElec   .          Harm     .    c - +0 cloak
rCorr   .          Rampage  .    (no gloves)
Will    .....                    (no boots)
Stlth   ++........               m - amulet of the acrobat
HPRegen 0.08/turn                (no ring)
MPRegen 0.09/turn                (no ring)

@: very slow
A: small, no large weapons, nightstalker 3
a: no special abilities


You were on level 4 of the Dungeon.
You visited 1 branch of the dungeon, and saw 4 of its levels.

You collected 115 gold pieces.

Inventory:

Hand Weapons
 a - a +2 dagger (weapon)
Missiles
 d - 19 poisoned darts (quivered)
 e - 3 curare-tipped darts
 j - 2 throwing nets
Armour
 b - a +0 robe (worn)
 c - a +0 cloak (worn)
Jewellery
 m - an amulet of the acrobat (around neck)
Scrolls
 g - 2 scrolls of teleportation {unknown}
 i - 2 scrolls of identify {unknown}
 l - a scroll of immolation {unknown}
 o - a scroll of amnesia {unknown}
Potions
 f - a potion of cancellation {unknown}
 h - 2 potions of heal wounds {unknown}
 k - a potion of attraction {unknown}
 n - a potion of brilliance {unknown}
 p - a potion of ambrosia {unknown}


   Skills:
 - Level 2.1 Fighting
 + Level 6.1 Short Blades
 - Level 2.1 Throwing
 - Level 1.2 Dodging
 - Level 5.3 Stealth


You had 3 spell levels left.
You didn't know any spells.
Your spell library contained the following spells:

 Spells                   Type           Power      Damage    Failure   Level
 Freezing Cloud           Conj/Ice/Air   0%         6-21      100%        5
 Simulacrum               Ice/Necr       0%         N/A       100%        6
 Polar Vortex             Ice            0%         N/A       100%        9


Dungeon Overview and Level Annotations

Branches:
Dungeon (4/15)
 Temple: D:4-7

Altars:
Elyvilon
Kikubaaqudgha


Innate Abilities, Weirdness & Mutations

You are small and have problems with some larger weapons.
You are completely attuned to the shadows.


Message History

Your unstable footing causes you to fumble your attack.
The adder barely misses you. The scorpion misses you.
You hit the scorpion but do no damage.
The scorpion is heavily wounded.
The adder bites you but does no damage.
The scorpion splashes around in the water.
You hit the scorpion but do no damage.
You punch the scorpion, but do no damage.
The scorpion is heavily wounded.
The adder bites you but does no damage.
The scorpion splashes around in the water.
You closely miss the scorpion.
The scorpion is heavily wounded.
The adder barely misses you.
The scorpion stings you but does no damage.
You hit the scorpion.
The scorpion is heavily wounded.
The adder bites you but does no damage.
You hit the scorpion.
The scorpion is severely wounded.
The scorpion barely misses you. The adder closely misses you.
You hit the scorpion.
The scorpion is almost dead.
The scorpion splashes around in the water.
Your unstable footing causes you to fumble your attack.
The adder bites you.
* * * LOW HITPOINT WARNING * * *
The scorpion splashes around in the water.
You barely miss the scorpion.
The scorpion is almost dead.
The adder closely misses you. The scorpion closely misses you.
Your unstable footing causes you to fumble your attack.
The adder bites you.
* * * LOW HITPOINT WARNING * * *
The scorpion barely misses you.
Your unstable footing causes you to fumble your attack.
The adder bites you but does no damage.
Your unstable footing causes you to fumble your attack.
The scorpion stings you.
You die...

♣♣.......
♣♣.....♣
♣♣...♣♣
♣♣.....♣
♣♣.......♣
♣...≈~≈...
♣♣..≈≈~≈≈..
♣...~~_~~..
♣♣..≈≈@≈≈..
♣...≈sS...
♣♣.......♣
♣♣.....♣♣
♣♣...♣♣


You could see a scorpion and an adder.

Vanquished Creatures
  A gnoll (D:1)
  3 adders
  A worm (D:3)
  A dart slug (D:1)
  3 ball pythons (D:1)
  2 endoplasms
  3 giant cockroaches
  4 goblins
  5 hobgoblins
  4 jackals (D:1)
  3 kobolds
  A quokka (D:3)
  6 bats
  3 frilled lizards
  5 rats
45 creatures vanquished.

Notes
Turn   | Place    | Note
-------+----------+-------------------------------------------
     0 | D:1      | Setbun the Kobold Brigand began the quest for the Orb.
     0 | D:1      | Reached XP level 1. HP: 12/12 MP: 1/1
    95 | D:1      | Reached skill level 3 in Short Blades
   248 | D:1      | Reached XP level 2. HP: 17/17 MP: 2/2
   522 | D:1      | Reached skill level 4 in Short Blades
   776 | D:1      | Reached XP level 3. HP: 21/21 MP: 3/3
  1501 | D:1      | Reached skill level 5 in Short Blades
  1573 | D:2      | Reached XP level 4. HP: 26/26 MP: 4/4
  1719 | D:2      | Found an ancient bone altar of Kikubaaqudgha.
  2586 | D:3      | Reached skill level 6 in Short Blades
  2596 | D:3      | Identified the +1 leather armour of Fallacy {rPois}
  2802 | D:4      | Found a white marble altar of Elyvilon.
  2805 | D:4      | Noticed a scorpion
  2838 | D:4      | HP: 1/26 [adder (2)]
  2840 | D:4      | Slain by a scorpion

Illustrated notes

Levels and vault maps discovered:
D:1:      sevenhm_arrival_forest_fort_large_4, layout_basic,
          minmay_misc_feat_roman
D:2:      minmay_diamond_boxcup, layout_loops_ring, basic_altar,
          shapermc_ecumenical_altar_totnotflames, columned_hall_lemuel,
          minmay_statues_item, chequers_serial_rivers_marsh, uniq_jessica
D:3:      layout_rooms, minmay_misc_feat_four_crosses, moated_statue
D:4:      layout_basic, elyvilon_altar_3, skrybe_limestone_x, uniq_natasha

Skill      XL: |  1  2  3  4 |
---------------+-------------+-----
Short Blades   | 3 4 5 6 |  6.1
Fighting       | |  2.1
Throwing       | |  2.1
Dodging        | |  1.2
Stealth        | |  5.3

Action                   |  1- 3 |  4- 6 || total
-------------------------+-------+-------++-------
Melee: Dagger            |    51 |    67 ||   118
       Punch             |       |     1 ||     1
 Stab: Sleeping          |    18 |    13 ||    31
       Distracted        |       |     1 ||     1
Armor: Robe              |     4 |    10 ||    14
Dodge: Dodged            |    25 |    41 ||    66

Table legend: (Time is in decaauts)
 A = Elapsed time spent in this place.
 B = Non-inter-level travel time spent in this place.
 C = Inter-level travel time spent in this place.
 D = Time resting spent in this place.
 E = Time spent auto-exploring this place.
 F = Levels seen in this place.
 G = Mean time per level.
                   A        B        C        D        E       F      G
               +--------+--------+--------+--------+--------+-----+--------+
         Total |   2815 |   2709 |    106 |     72 |   2344 |   4 |  703.8 |
       Dungeon |   2815 |   2709 |    106 |     72 |   2344 |   4 |  703.8 |
               +--------+--------+--------+--------+--------+-----+--------+

Top non-repeatable levels by time:
     D:1: 1543 daAuts
     D:3: 615 daAuts
     D:2: 599 daAuts
     D:4: 57 daAuts
